 Dungeon Crawl Stone Soup version 0.32-a0-702-gc29ba85809 (webtiles) character file.

Game seed: 3386694799610990653

53 tajemnic the Charlatan (level 3, 0/26 HPs)
             Began as a Demonspawn Artificer on Mar 14, 2024.
             Succumbed to Robin's poison
             ... on level 2 of the Dungeon.
             The game lasted 00:14:04 (901 turns).

tajemnic the Charlatan (Demonspawn Artificer)        Turns: 901, Time: 00:14:04

Health: 0/26       AC:  6    Str: 18    XL:     3   Next: 64%
Magic:  3/3        EV: 15    Int: 15    God:
Gold:   74         SH:  0    Dex: 13    Spells: 0/2 levels left

rFire   . . .        a - +0 club
rCold   . . .        (no shield)
rNeg    . . .        b - +0 leather armour
rPois   .            j - +2 helmet
rElec   .            (no cloak)
rCorr   .            (no gloves)
SInv    .            (no boots)
Will    .....        (no amulet)
Stlth   +            g - +5 ring of evasion
HPRegen 0.24/turn    k - +6 ring of strength
MPRegen 0.08/turn

%: no passive effects
@: lethally poisoned (0 -> -30), studying Air Magic
A: big brain 1
a: no special abilities


You were on level 2 of the Dungeon.
You visited 1 branch of the dungeon, and saw 2 of its levels.

You collected 74 gold pieces.

Inventory:

Hand Weapons
 a - a +0 club (weapon)
Armour
 b - a +0 leather armour (worn)
 j - a +2 helmet (worn)
Jewellery
 g - a +5 ring of evasion (left hand)
 k - a +6 ring of strength (right hand)
Wands
 c - a wand of flame (11) (quivered)
 d - a wand of charming (13)
 e - a wand of iceblast (5)
Scrolls
 i - 2 scrolls of teleportation {unknown}
Potions
 f - a potion of degeneration {unknown}
 h - a potion of haste {unknown}


   Skills:
 + Level 1.3 Fighting
 + Level 1.2 Maces & Flails
 + Level 2.3 Armour
 - Level 1.0 Dodging
 - Level 0.8 Stealth
 + Level 3.7 Evocations


You couldn't memorise any spells.
You knew the following spells:

 Your Spells              Type           Power      Damage    Failure   Level
a - Call Imp              Summ           0%         N/A       43%         2

Your spell library contained the following spells:

 Spells                   Type           Power      Damage    Failure   Level
 Magic Dart               Conj           0%         1d3       32%         1
 Blink                    Tloc           0%         N/A       43%         2
 Summon Blazeheart Golem  Fire/Summ      0%         N/A       97%         4
 Orb of Destruction       Conj           0%         9d5       100%        7
 Spellforged Servitor     Conj/Summ      0%         N/A       100%        7


Dungeon Overview and Level Annotations

Branches:
Dungeon (2/15)

Altars:

Shops:
D:1 :

Annotations:
D:2 Robin


Innate Abilities, Weirdness & Mutations

You have an unusually large brain. (Int +2)


Message History

You hit the goblin.
You kill the goblin!
You hit the hobgoblin.
The hobgoblin is moderately wounded.
Robin hits you but does no damage.
You are poisoned.
The hobgoblin barely misses you. Robin barely misses you.
The hobgoblin hits you.
You hit the hobgoblin.
The hobgoblin is heavily wounded.
You feel very sick.
Robin hits you from afar with a +0 spear of venom.
You are lethally poisoned!
The hobgoblin hits you.
Aiming: Iceblast
Press: ? - help, Q - select action, (/) - cycle Shift-Dir - straight line, f - Robin
Aim: Robin, wielding a +0 spear of venom, wearing a +0 animal skin and wearing a +0 helmet
Okay, then.
Aiming: Iceblast
Press: ? - help, Q - select action, (/) - cycle Shift-Dir - straight line, f/p - Robin
Aim: Robin, wielding a +0 spear of venom, wearing a +0 animal skin and wearing a +0 helmet
Okay, then.
Aiming: Charm
Press: ? - help, Shift-Dir - straight line, f - hobgoblin, p - Robin
Aim: a hobgoblin (heavily wounded, strong, chance to affect: 75%)
Okay, then.
Aiming: Charm
Press: ? - help, Q - select action, (/) - cycle Shift-Dir - straight line, f - hobgoblin, p - Robin
Aim: a hobgoblin (heavily wounded, strong, chance to affect: 75%)
The hobgoblin struggles to resist.
* * * LOW HITPOINT WARNING * * *
You feel very sick. Robin hits you but does no damage.
You are more poisoned.
The hobgoblin misses you.
Aiming: Charm
Press: ? - help, Q - select action, (/) - cycle Shift-Dir - straight line, f/p - hobgoblin
Aim: a hobgoblin (heavily wounded, strong, chance to affect: 75%)
The hobgoblin struggles to resist.
You die...

..).. #.####
....#########...#.
####............)..
...................
##...............
#....####.......
######...........####
#....#..)........#
#@#..........##
#g#.g....♣♣..#
#.g.g...♣.♣..#
#####.g♣♣♣.. #
#.g..g.........
#######........
......... .........
........!.


You could see Robin and a hobgoblin (strong).

Vanquished Creatures
  An adder (D:2)
  A dart slug (D:1)
  4 endoplasms
  2 giant cockroaches
  10 goblins
  4 hobgoblins
  3 kobolds
  A quokka (D:1)
  3 ball pythons (D:1)
  3 bats
  2 frilled lizards
  3 rats (D:1)
37 creatures vanquished.

Notes
Turn   | Place    | Note
-------+----------+-------------------------------------------
     0 | D:1      | tajemnic the Demonspawn Artificer began the quest for the
                  | Orb.
     0 | D:1      | Reached XP level 1. HP: 15/15 MP: 1/1
    76 | D:1      | Gained mutation: You have an unusually large brain. (Int
                  | +2) [demonic ancestry]
    76 | D:1      | Reached XP level 2. HP: 16/21 MP: 2/2
   282 | D:1      | Found Joaqes's Vocational Training.
   688 | D:2      | Reached skill level 1 in Dodging
   688 | D:2      | Reached XP level 3. HP: 20/26 MP: 3/3
   800 | D:2      | Learned a level 2 spell: Call Imp
   831 | D:2      | Reached skill level 1 in Maces & Flails
   885 | D:2      | Noticed Robin
   901 | D:2      | Succumbed to Robin's poison

Illustrated notes

Levels and vault maps discovered:
D:1:      dpeg_arrival_simpleton_c, layout_rooms, st_stairs_9,
          nicolae_shop_vocational
D:2:      layout_basic, chequers_garden, chequers_serial_rivers_micro_d,
          kennysheep_generic_room_2, uniq_natasha, uniq_robin

Skill      XL: |  1  2  3 |
---------------+----------+-----
Armour         | 2 |  2.3
Dodging        | 1 |  1.0
Maces & Flails | 1 |  1.2
Fighting       | |  1.3
Stealth        | |  0.8
Evocations     | |  3.7

Action                     || total
---------------------------++-------
  Melee: Club              ||   116
  Evoke: Wand              ||     6
   Stab: Sleeping          ||     1
 Armour: Leather armour    ||    76
  Dodge: Dodged            ||    90

Table legend: (Time is in decaauts)
 A = Elapsed time spent in this place.
 B = Non-inter-level travel time spent in this place.
 C = Inter-level travel time spent in this place.
 D = Time resting spent in this place.
 E = Time spent auto-exploring this place.
 F = Levels seen in this place.
 G = Mean time per level.
                   A        B        C        D        E       F      G
               +--------+--------+--------+--------+--------+-----+--------+
         Total |    931 |    782 |    149 |     99 |    353 |   2 |  465.5 |
       Dungeon |    931 |    782 |    149 |     99 |    353 |   2 |  465.5 |
               +--------+--------+--------+--------+--------+-----+--------+

Top non-repeatable levels by time:
     D:1: 633 daAuts
     D:2: 298 daAuts
